General information
- name: BNet
- type: Ladder team game (AT/RT)
- host: Battle.net
- saver: BadLuckBob
map: Mur'gulOasis
- players: 8
- length: 46:25
- speed: Fast
- version: 1.26 W3XP
- replay type: Public
» download(233 KB)
Players
team 1 (winner)
ObiWanKillNooby (
pink | 22 APM | 1032 actions | 46:24)
6 Crypt Lord
3 Carrion Beetles
2 Spiked Carapace
1 Locust Swarm
6 Death Knight
3 Death Coil
2 Unholy Aura
1 Animate Dead
» actions
| Basic commands | 215 | |
| Build / train | 92 | |
| Enter build submenu | 34 | |
| Enter hero's abilities submenu | 12 | |
| Give item / drop item | 2 | |
| Right click | 235 | |
| Select / deselect | 382 | |
| Use ability | 60 | |
1032 total
» units
| Acolyte | 34 | |
| Ghoul | 3 | |
| Crypt Fiend | 5 | |
| Frost Wyrm | 4 | |
46 total
» upgrades
| Creature Attack | 3 | |
| Creature Carapace | 3 | |
| Web | 1 | |
| Ghoul Frenzy | 1 | |
| Freezing Breath | 1 | |
9 total
» buildings
| Crypt | 1 | |
| Graveyard | 1 | |
| Ziggurat | 19 | |
| Altar of Darkness | 1 | |
| Tomb of Relics | 1 | |
| Halls of the Dead | 1 | |
| Black Citadel | 1 | |
| Sacrificial Pit | 1 | |
| Boneyard | 2 | |
| Spirit Tower | 11 | |
| Nerubian Tower | 3 | |
| Necropolis | 1 | |
43 total
» build order
00:11 Crypt
00:20 Graveyard
00:39 Ziggurat
00:57 Altar of Darkness
01:28 Ziggurat
02:16 Tomb of Relics
03:30 Halls of the Dead
04:07 Ziggurat
05:52 Black Citadel
06:34 Ziggurat
06:43 Sacrificial Pit
08:14 Boneyard
08:17 Boneyard
08:46 Spirit Tower
12:27 Nerubian Tower
12:29 Spirit Tower
12:44 Ziggurat
12:49 Ziggurat
12:53 Ziggurat
13:53 Spirit Tower
13:57 Spirit Tower
13:59 Spirit Tower
14:02 Spirit Tower
19:55 Necropolis
20:13 Ziggurat
20:15 Ziggurat
21:04 Ziggurat
21:06 Ziggurat
21:09 Ziggurat
22:03 Spirit Tower
24:09 Ziggurat
24:12 Ziggurat
25:03 Nerubian Tower
25:05 Spirit Tower
26:27 Ziggurat
26:29 Ziggurat
26:31 Ziggurat
26:48 Ziggurat
26:50 Ziggurat
27:25 Nerubian Tower
27:27 Spirit Tower
27:41 Spirit Tower
27:43 Spirit Tower
» items
| Orb of Corruption | 2 | |
| Scroll of Town Portal | 2 | |
| Scroll of Speed | 1 | |
5 total
BadLuckBob (
orange | 70 APM | 3253 actions | 46:25)
6 Archmage
3 Summon Water Elemental
2 Brilliance Aura
1 Mass Teleport
» actions
| Assign group hotkey | 173 | |
| Basic commands | 499 | |
| Build / train | 154 | |
| ESC pressed | 8 | |
| Enter build submenu | 44 | |
| Enter hero's abilities submenu | 6 | |
| Give item / drop item | 3 | |
| Right click | 939 | |
| Select / deselect | 355 | |
| Select group hotkey | 917 | |
| Use ability | 155 | |
3253 total
» units
| Peasant | 17 | |
| Footman | 5 | |
| Gryphon Rider | 3 | |
| Siege Engine | 6 | |
| Dragonhawk Rider | 7 | |
38 total
» upgrades
| Defend | 1 | |
| Masonry | 3 | |
| Swords | 4 | |
| Armor | 4 | |
| Storm Hammers | 1 | |
| Animal War Training | 1 | |
| Barrage | 1 | |
| Plating | 3 | |
| Gunpowder | 3 | |
| Long Rifles | 1 | |
| Lumber Harvesting | 1 | |
| Cloud | 1 | |
24 total
» buildings
| Altar of Kings | 1 | |
| Barracks | 2 | |
| Farm | 14 | |
| Arcane Vault | 1 | |
| Keep | 4 | |
| Lumber Mill | 2 | |
| Scout Tower | 21 | |
| Guard Tower | 34 | |
| Castle | 3 | |
| Gryphon Aviary | 3 | |
| Blacksmith | 2 | |
| Workshop | 2 | |
| Town Hall | 1 | |
90 total
» build order
00:48 Altar of Kings
00:51 Barracks
00:56 Farm
01:03 Farm
01:27 Farm
01:43 Farm
02:22 Farm
02:26 Arcane Vault
04:50 Farm
06:32 Keep
06:33 Keep
06:36 Lumber Mill
06:40 Lumber Mill
07:47 Scout Tower
07:48 Scout Tower
07:49 Scout Tower
07:53 Scout Tower
07:56 Scout Tower
08:27 Guard Tower
08:28 Guard Tower
09:22 Castle
09:23 Castle
09:23 Castle
09:26 Gryphon Aviary
09:26 Gryphon Aviary
12:14 Blacksmith
12:17 Blacksmith
12:57 Farm
13:33 Scout Tower
13:38 Workshop
13:40 Workshop
14:06 Guard Tower
14:06 Guard Tower
14:07 Guard Tower
14:10 Scout Tower
15:31 Guard Tower
15:31 Guard Tower
15:46 Barracks
18:18 Town Hall
18:21 Scout Tower
18:22 Scout Tower
18:22 Scout Tower
18:23 Scout Tower
18:30 Scout Tower
18:31 Scout Tower
18:31 Scout Tower
18:32 Scout Tower
18:33 Scout Tower
18:33 Scout Tower
18:34 Scout Tower
18:34 Scout Tower
18:35 Scout Tower
18:37 Scout Tower
19:17 Guard Tower
19:18 Guard Tower
19:18 Guard Tower
19:18 Guard Tower
19:19 Guard Tower
19:19 Guard Tower
19:19 Guard Tower
19:19 Guard Tower
19:20 Guard Tower
19:20 Guard Tower
19:21 Guard Tower
19:21 Guard Tower
19:21 Guard Tower
19:24 Guard Tower
19:24 Guard Tower
21:09 Guard Tower
21:09 Guard Tower
26:42 Farm
26:44 Farm
27:17 Farm
27:27 Farm
27:30 Farm
27:31 Farm
27:33 Gryphon Aviary
29:01 Guard Tower
29:02 Guard Tower
29:02 Guard Tower
44:40 Farm
» items
| Periapt of Vitality | 1 | |
| Staff of Teleportation | 1 | |
| Scroll of Regeneration | 5 | |
| Potion of Healing | 2 | |
| Scroll of Town Portal | 2 | |
11 total
Petrifiedcarrot (
blue | 47 APM | 1685 actions | 35:55)
6 Death Knight
3 Death Coil
3 Unholy Aura
5 Lich
3 Frost Nova
2 Frost Armor
» actions
| Assign group hotkey | 27 | |
| Basic commands | 243 | |
| Build / train | 64 | |
| ESC pressed | 3 | |
| Enter build submenu | 20 | |
| Enter hero's abilities submenu | 12 | |
| Right click | 402 | |
| Select / deselect | 362 | |
| Select group hotkey | 486 | |
| Use ability | 66 | |
1685 total
» units
| Acolyte | 10 | |
| Ghoul | 2 | |
| Crypt Fiend | 10 | |
| Frost Wyrm | 8 | |
| Obsidian Statue | 3 | |
33 total
» upgrades
| Creature Attack | 3 | |
| Freezing Breath | 1 | |
| Web | 1 | |
| Destroyer Form | 1 | |
| Creature Carapace | 2 | |
8 total
» buildings
| Graveyard | 1 | |
| Crypt | 1 | |
| Ziggurat | 7 | |
| Altar of Darkness | 1 | |
| Tomb of Relics | 1 | |
| Halls of the Dead | 1 | |
| Black Citadel | 1 | |
| Nerubian Tower | 1 | |
| Slaughterhouse | 1 | |
| Sacrificial Pit | 1 | |
| Boneyard | 1 | |
17 total
» build order
00:10 Graveyard
00:13 Crypt
00:31 Ziggurat
01:04 Altar of Darkness
02:02 Ziggurat
02:04 Tomb of Relics
03:22 Halls of the Dead
04:26 Ziggurat
06:50 Black Citadel
06:52 Nerubian Tower
08:13 Slaughterhouse
09:16 Sacrificial Pit
10:07 Boneyard
10:10 Ziggurat
12:34 Ziggurat
17:49 Ziggurat
26:42 Ziggurat
» items
| Rod of Necromancy | 1 | |
| Periapt of Vitality | 1 | |
| Potion of Healing | 3 | |
| Scroll of Town Portal | 1 | |
| Potion of Mana | 1 | |
7 total

»
afasdfasfd (
yellow | 26 APM | 1072 actions | 40:53)
5 Blademaster
3 Wind Walk
2 Critical Strike
6 Tauren Chieftain
3 Endurance Aura
2 Shockwave
1 Reincarnation
1 Shadow Hunter
1 Healing Wave
» actions
| Basic commands | 34 | |
| Build / train | 72 | |
| Enter build submenu | 21 | |
| Enter hero's abilities submenu | 12 | |
| Remove unit from queue | 1 | |
| Right click | 516 | |
| Select / deselect | 296 | |
| Use ability | 120 | |
1072 total
» units
| Peon | 12 | |
| Troll Witch Doctor | 4 | |
| Tauren | 11 | |
| Shaman | 5 | |
32 total
» upgrades
| Armor | 3 | |
| Witch Doctor Training | 2 | |
| Shaman Training | 2 | |
| Reinforced Defenses | 1 | |
| Pulverize | 1 | |
| Melee Weapons | 2 | |
11 total
» buildings
| Orc Burrow | 7 | |
| Altar of Storms | 1 | |
| Voodoo Lounge | 1 | |
| War Mill | 1 | |
| Stronghold | 1 | |
| Watch Tower | 5 | |
| Fortress | 1 | |
| Spirit Lodge | 1 | |
| Tauren Totem | 1 | |
| Great Hall | 2 | |
21 total
» build order
00:14 Orc Burrow
00:20 Altar of Storms
00:48 Voodoo Lounge
01:35 War Mill
02:14 Orc Burrow
03:02 Stronghold
03:07 Watch Tower
03:23 Watch Tower
03:42 Watch Tower
04:16 Watch Tower
04:47 Orc Burrow
05:45 Fortress
06:34 Spirit Lodge
07:15 Watch Tower
09:42 Tauren Totem
11:48 Orc Burrow
16:03 Orc Burrow
17:03 Orc Burrow
18:19 Orc Burrow
21:39 Great Hall
25:53 Great Hall
» items
| Healing Salve | 5 | |
| Rod of Necromancy | 1 | |
| Boots of Speed | 1 | |
| Orb of Lightning | 2 | |
| Scroll of Town Portal | 1 | |
10 total
team 2 (loser)

»
Bowser (
green | 42 APM | 863 actions | 20:19)
4 Death Knight
2 Death Coil
2 Unholy Aura
» actions
| Assign group hotkey | 18 | |
| Basic commands | 30 | |
| Build / train | 58 | |
| Enter build submenu | 17 | |
| Enter hero's abilities submenu | 4 | |
| Remove unit from queue | 1 | |
| Right click | 339 | |
| Select / deselect | 217 | |
| Select group hotkey | 130 | |
| Use ability | 49 | |
863 total
» units
| Acolyte | 8 | |
| Ghoul | 9 | |
| Crypt Fiend | 14 | |
| Obsidian Statue | 6 | |
| Gargoyle | 3 | |
40 total
» upgrades
| Web | 1 | |
| Ghoul Frenzy | 1 | |
| Destroyer Form | 1 | |
| Creature Attack | 1 | |
4 total
» buildings
| Graveyard | 1 | |
| Crypt | 2 | |
| Ziggurat | 7 | |
| Altar of Darkness | 1 | |
| Tomb of Relics | 1 | |
| Halls of the Dead | 1 | |
| Black Citadel | 2 | |
| Slaughterhouse | 1 | |
| Spirit Tower | 2 | |
| Nerubian Tower | 0 | |
| Sacrificial Pit | 1 | |
| Boneyard | 1 | |
20 total
» build order
01:00 Graveyard
01:03 Crypt
01:07 Ziggurat
01:22 Altar of Darkness
01:43 Ziggurat
01:48 Ziggurat
02:11 Tomb of Relics
02:41 Ziggurat
04:59 Halls of the Dead
06:40 Ziggurat
07:21 Black Citadel
07:53 Slaughterhouse
08:18 Spirit Tower
08:50 Spirit Tower
09:30 Nerubian Tower
09:54 Sacrificial Pit
12:45 Boneyard
13:43 Crypt
18:00 Ziggurat
18:02 Ziggurat
» items
FatBoyJakobC (
teal | 40 APM | 1876 actions | 46:24)
6 Archmage
3 Summon Water Elemental
2 Brilliance Aura
1 Mass Teleport
3 Blademaster
1 Wind Walk
1 Bladestorm
1 Critical Strike
» actions
| Assign group hotkey | 88 | |
| Basic commands | 29 | |
| Build / train | 80 | |
| Enter build submenu | 53 | |
| Enter hero's abilities submenu | 9 | |
| Give item / drop item | 4 | |
| Remove unit from queue | 1 | |
| Right click | 884 | |
| Select / deselect | 433 | |
| Select group hotkey | 108 | |
| Use ability | 187 | |
1876 total
» units
| Peasant | 16 | |
| Footman | 4 | |
| Gryphon Rider | 10 | |
| Dragonhawk Rider | 3 | |
33 total
» upgrades
| Lumber Harvesting | 2 | |
| Masonry | 3 | |
| Swords | 3 | |
| Armor | 3 | |
| Storm Hammers | 1 | |
| Cloud | 1 | |
| Magic Sentry | 1 | |
14 total
» buildings
| Altar of Kings | 1 | |
| Barracks | 1 | |
| Farm | 7 | |
| Scout Tower | 20 | |
| Arcane Tower | 1 | |
| Arcane Vault | 1 | |
| Keep | 1 | |
| Lumber Mill | 2 | |
| Castle | 1 | |
| Gryphon Aviary | 4 | |
| Guard Tower | 4 | |
| Blacksmith | 2 | |
| Voodoo Lounge | 1 | |
| War Mill | 1 | |
| Arcane Sanctum | 1 | |
| Watch Tower | 7 | |
| Great Hall | 2 | |
| Town Hall | 1 | |
58 total
» build order
00:39 Altar of Kings
00:50 Barracks
00:56 Farm
01:04 Farm
01:11 Farm
01:47 Farm
02:02 Scout Tower
02:36 Arcane Tower
04:05 Arcane Vault
04:07 Keep
04:30 Lumber Mill
07:10 Castle
08:29 Gryphon Aviary
08:29 Gryphon Aviary
08:30 Gryphon Aviary
08:31 Gryphon Aviary
08:36 Farm
08:39 Farm
08:41 Farm
09:07 Scout Tower
09:08 Scout Tower
09:09 Scout Tower
09:19 Scout Tower
09:19 Scout Tower
09:23 Scout Tower
09:26 Scout Tower
09:30 Scout Tower
09:47 Guard Tower
10:27 Guard Tower
11:26 Blacksmith
11:28 Blacksmith
16:16 Lumber Mill
21:57 Scout Tower
21:57 Scout Tower
21:57 Scout Tower
21:58 Scout Tower
21:58 Scout Tower
21:58 Scout Tower
21:59 Scout Tower
22:04 Scout Tower
22:05 Scout Tower
22:12 Scout Tower
22:12 Scout Tower
23:09 Guard Tower
23:12 Guard Tower
28:01 Voodoo Lounge
29:01 War Mill
29:58 Arcane Sanctum
30:48 Watch Tower
30:48 Watch Tower
30:52 Watch Tower
30:53 Watch Tower
30:59 Watch Tower
30:59 Watch Tower
31:07 Great Hall
40:07 Town Hall
44:35 Great Hall
» items
| Scroll of Regeneration | 5 | |
| Mechanical Critter | 2 | |
| Scroll of Town Portal | 4 | |
| Potion of Healing | 2 | |
| Healing Salve | 2 | |
15 total
JaguaR- (
red | 63 APM | 1326 actions | 21:11)
4 Blademaster
2 Wind Walk
2 Critical Strike
» actions
| Assign group hotkey | 29 | |
| Basic commands | 84 | |
| Build / train | 72 | |
| Enter build submenu | 13 | |
| Enter hero's abilities submenu | 4 | |
| Right click | 486 | |
| Select / deselect | 170 | |
| Select group hotkey | 409 | |
| Use ability | 59 | |
1326 total
» units
| Peon | 12 | |
| Grunt | 6 | |
| Troll Batrider | 28 | |
46 total
» upgrades
» buildings
| Altar of Storms | 1 | |
| Orc Burrow | 6 | |
| Barracks | 1 | |
| War Mill | 1 | |
| Voodoo Lounge | 1 | |
| Stronghold | 5 | |
| Watch Tower | 2 | |
| Beastiary | 2 | |
| Fortress | 2 | |
21 total
» build order
01:20 Altar of Storms
01:23 Orc Burrow
02:10 Barracks
02:38 Orc Burrow
02:48 War Mill
02:55 Voodoo Lounge
03:44 Orc Burrow
03:47 Orc Burrow
04:25 Orc Burrow
04:28 Stronghold
04:29 Stronghold
04:29 Stronghold
04:29 Stronghold
05:12 Watch Tower
05:15 Watch Tower
07:04 Beastiary
07:10 Beastiary
07:54 Fortress
07:54 Fortress
08:14 Orc Burrow
» items
| Healing Salve | 1 | |
| Boots of Speed | 1 | |
| Orb of Lightning | 5 | |
7 total
showtime (
purple | 63 APM | 1442 actions | 22:52)
8 Warden
3 Fan of Knives
3 Blink
1 Spirit of Vengeance
1 Shadow Strike
» actions
| Assign group hotkey | 67 | |
| Basic commands | 87 | |
| Build / train | 82 | |
| ESC pressed | 6 | |
| Enter build submenu | 23 | |
| Enter hero's abilities submenu | 8 | |
| Give item / drop item | 6 | |
| Right click | 624 | |
| Select / deselect | 238 | |
| Select group hotkey | 188 | |
| Use ability | 112 | |
1442 total
» units
| Wisp | 14 | |
| Huntress | 8 | |
| Dryad | 8 | |
| Druid of the Claw | 2 | |
| Mountain Giant | 1 | |
33 total
» upgrades
| Strength of the Moon | 2 | |
| Strength of the Wild | 3 | |
| Sentinel | 1 | |
| Reinforced Hides | 2 | |
| Abolish Magic | 1 | |
| Druid of the Claw Training | 2 | |
| Ultravision | 1 | |
| Hardened Skin | 1 | |
| Resistant Skin | 1 | |
14 total
» buildings
| Moon Well | 7 | |
| Altar of Elders | 1 | |
| Ancient of War | 1 | |
| Hunter's Hall | 1 | |
| Tree of Ages | 2 | |
| Ancient of Wonders | 1 | |
| Ancient of Lore | 2 | |
| Tree of Eternity | 1 | |
16 total
» build order
00:16 Moon Well
00:18 Altar of Elders
01:51 Ancient of War
01:59 Hunter's Hall
02:21 Moon Well
03:34 Tree of Ages
03:35 Tree of Ages
03:52 Moon Well
04:59 Ancient of Wonders
07:15 Moon Well
08:33 Ancient of Lore
09:03 Ancient of Lore
09:25 Moon Well
10:09 Moon Well
11:52 Tree of Eternity
17:41 Moon Well
» items
| Boots of Speed | 1 | |
| Circlet of Nobility | 2 | |
| Moonstone | 1 | |
| Scroll of Regeneration | 1 | |
| Orb of Fire | 1 | |
| Orb of Venom | 1 | |
| Orb of Corruption | 1 | |
| Orb of Lightning | 1 | |
| Potion of Lesser Invulnerability | 2 | |
| Potion of Healing | 2 | |
| Tome of Retraining | 1 | |
14 total
Chat log
(01:39 / All) FatBoyJakobC: harrison ford's character gets killed by his own son
(01:41 / All) FatBoyJakobC: new star wars
(01:44 / All) FatBoyJakobC: the new sith
(01:49 / All) BadLuckBob: yeah stabbed by a lightsaber on the bridge
(01:51 / All) BadLuckBob: by his son
(01:56 / All) BadLuckBob: you don't think he'll do it at first but he does
(02:02 / All) ObiWanKillNooby: hey dont' spoil i haven't seen the movie yet
(02:13 / Allies) Petrifiedcarrot: spoilers suck
(02:13 / All) showtime: its what they are trying to do
(02:15 / All) showtime: no life
(02:25 / All) FatBoyJakobC: some nigger is a hero, and paired with a do it all and do it super white woman
(02:32 / All) BadLuckBob: and han solo falls off the bridge, his corpse
(02:33 / All) ObiWanKillNooby: no Han solo can't die
(02:36 / All) ObiWanKillNooby: nooooooooooooooooooooooooooo
(03:09 / All) ObiWanKillNooby: ObiWan will came back in the next star wars
(03:37 / Allies) Petrifiedcarrot: good thing i dont like star wars
(04:20 / All) FatBoyJakobC: I'll pirate it when blu ray quality gets released
(04:26 / All) FatBoyJakobC: maybe
(04:44 / All) BadLuckBob: level 1 harassing retard
(07:24 / Allies) Petrifiedcarrot: gold plz
(09:15 / Allies) BadLuckBob: creep mid?
(09:19 / Allies) afasdfasfd: NO ACOS FOR GREEN FOR A WHILE
(09:41 / Allies) Petrifiedcarrot: towers
(12:27 / All) FatBoyJakobC: drop hack?
(12:41 / All) FatBoyJakobC: sorry green lol
(13:01 / All) ObiWanKillNooby: may the force be with you
(13:14 / Allies) Petrifiedcarrot: yellow
(15:21 / All) BadLuckBob: good bm control lol
(16:53 / Allies) afasdfasfd: spend oj
(17:13 / Allies) BadLuckBob: I got bot left expo
(18:03 / Allies) Petrifiedcarrot: where to
(19:47 / All) ObiWanKillNooby: they suck cock
(21:00 / All) FatBoyJakobC: oh shit lawl
(21:02 / All) FatBoyJakobC: was typing
(21:12 / All) BadLuckBob: why you typing in wc3 lawl
(21:22 / All) showtime: lol
(21:23 / Allies) BadLuckBob: wood me?
(21:25 / All) showtime: come at me bm
(21:31 / Allies) BadLuckBob: ty
(21:34 / All) showtime: my warden is too beefy to lose :[
(22:29 / All) FatBoyJakobC: red has 3.5k
(22:46 / All) showtime: gg
(22:47 / All) showtime: sad
(22:54 / All) BadLuckBob: brb have to piss
(24:30 / All) afasdfasfd: lol
(24:31 / All) FatBoyJakobC: God
(24:33 / All) afasdfasfd: got u
(24:36 / All) FatBoyJakobC: I missed the pot
(25:20 / All) BadLuckBob: back
(25:51 / All) FatBoyJakobC: I needed that warden
(26:00 / Allies) Petrifiedcarrot: its gone
(26:02 / All) afasdfasfd: i kille him
(26:10 / All) FatBoyJakobC: Luck
(26:15 / All) afasdfasfd: nope
(26:17 / Allies) afasdfasfd: skill
(26:18 / All) FatBoyJakobC: Yep
(26:25 / All) FatBoyJakobC: I just reinstalled 2 days ago
(26:29 / All) afasdfasfd: lol skill
(26:33 / All) FatBoyJakobC: So I'm rusty and missed the invul pot
(26:51 / All) afasdfasfd: and i didnt
(26:53 / Allies) Petrifiedcarrot: so are we going to atack
(27:03 / Allies) BadLuckBob: yeah let's hit
(27:08 / All) FatBoyJakobC: Yellow please shut the fuck up
(27:15 / All) FatBoyJakobC: BM is easay to play
(27:38 / All) afasdfasfd: lmafo
(27:46 / All) FatBoyJakobC: Wow you have 4 armies and wards
(27:52 / All) afasdfasfd: and ur still here
(27:54 / All) FatBoyJakobC: You alone are good and the MVP of your team
(28:05 / All) afasdfasfd: and u are noob for staying
(28:38 / Allies) Petrifiedcarrot: stupid bats
(28:58 / Allies) Petrifiedcarrot: stop
(29:07 / Allies) Petrifiedcarrot: u suck
(29:36 / All) afasdfasfd: lol comeback
(29:59 / All) afasdfasfd: gonna ward the whole map
(30:45 / Allies) Petrifiedcarrot: orange leave
(30:50 / Allies) BadLuckBob: you leabe
(30:52 / Allies) BadLuckBob: you leave
(30:53 / Allies) BadLuckBob: you lose
(30:55 / Allies) BadLuckBob: I rape you
(30:57 / Allies) BadLuckBob: you lose son
(31:01 / Allies) Petrifiedcarrot: u suck
(31:12 / Allies) Petrifiedcarrot: stop
(31:13 / Allies) BadLuckBob: I win
(31:15 / Allies) BadLuckBob: you lose
(31:20 / Allies) BadLuckBob: Beg and maybe I will
(32:16 / Allies) Petrifiedcarrot: dude stop
(32:19 / Allies) BadLuckBob: you lose
(32:24 / Allies) Petrifiedcarrot: u suck
(32:29 / Allies) BadLuckBob: you lose
(32:37 / Allies) Petrifiedcarrot: someone kill orange plz
(32:41 / Allies) BadLuckBob: you can't if you try
(32:56 / Allies) Petrifiedcarrot: cant even enjoy a game
(34:07 / All) FatBoyJakobC: I didn't realize I already broke wind awlk
(34:19 / Allies) afasdfasfd: r u serious
(34:37 / Allies) Petrifiedcarrot: orange u ruined the game
(34:39 / All) BadLuckBob: My team doesn't think I am serious
(34:42 / All) BadLuckBob: I am 100% serious
(34:43 / Allies) afasdfasfd: wtf is that all about
(34:43 / All) BadLuckBob: You all lose
(34:47 / All) BadLuckBob: unless you each apologise to me
(34:52 / Allies) Petrifiedcarrot: for what
(34:57 / All) BadLuckBob: Explain it to me what you've done
(34:59 / All) BadLuckBob: and apologise for it
(35:42 / All) BadLuckBob: Easy son lawl
(35:48 / All) BadLuckBob: thought my team would put up a fight
(35:58 / All) BadLuckBob: These clowns suck
(36:06 / All) FatBoyJakobC: They should have had no problem
(36:08 / All) FatBoyJakobC: 3 expos
(36:08 / All) afasdfasfd: na just u oj
(36:10 / All) FatBoyJakobC: 3 armies
(36:18 / All) FatBoyJakobC: I couldn't do anything
(36:20 / All) BadLuckBob: Even if they fought
(36:23 / All) BadLuckBob: I'd have won
(36:24 / All) FatBoyJakobC: Red aws a faggot
(36:24 / All) BadLuckBob: I think
(36:30 / All) FatBoyJakobC: he intentionally leeched exp twice off me
(36:36 / All) FatBoyJakobC: I warned him after the first time
(36:45 / All) BadLuckBob: I hate XP leechers
(36:48 / All) FatBoyJakobC: Then he didn't tp at purple's
(36:51 / All) BadLuckBob: If they bring an army and help creep I don't care
(36:52 / All) FatBoyJakobC: Just sat in his base
(36:55 / All) FatBoyJakobC: and left with 3.5k
(36:56 / All) BadLuckBob: but people who bring 1-2 units and a hero
(37:03 / Allies) afasdfasfd: lol i didnt leech but u tk me
(37:03 / All) BadLuckBob: warning, then tk
(37:05 / All) FatBoyJakobC: I militia creeped the shop
(37:08 / Allies) BadLuckBob: I didn't say you did
(37:11 / Allies) BadLuckBob: you absolute fucking retard
(37:15 / All) FatBoyJakobC: and he came near the end as I was killing the boss
(37:25 / All) FatBoyJakobC: and then he walked by me intentionally when I was creeping another orange
(37:28 / All) afasdfasfd: the only retard here is oj
(37:36 / All) FatBoyJakobC: You're retarded yellow
(37:40 / All) FatBoyJakobC: Shit talking newbie
(37:57 / All) BadLuckBob: My team is retard noobs
(38:01 / All) BadLuckBob: they dont' even fully understand what happened
(38:24 / All) afasdfasfd: waht happened is ur a dick
(38:24 / All) BadLuckBob: mass tp would've made this a lot faster
(38:27 / All) BadLuckBob: I'm close to it too
(38:36 / All) FatBoyJakobC: I had mass tp when it didn't matter
(38:39 / All) FatBoyJakobC: because I had no unitst and no gold
(38:47 / All) FatBoyJakobC: I would have got it earlier but red fucked me
(39:52 / All) BadLuckBob: My faggot team still trying lol
(39:59 / All) FatBoyJakobC: kill this tc
(40:40 / All) FatBoyJakobC: GOT HEEM
(40:49 / All) FatBoyJakobC: Raped yellow
(41:05 / All) FatBoyJakobC: he's 5-9 lol
(41:23 / All) BadLuckBob: Man these games have sucked
(41:25 / All) BadLuckBob: no chat at all
(41:27 / All) BadLuckBob: and piss poor players
(43:21 / All) FatBoyJakobC: if pink leaves red should lose
(43:39 / All) BadLuckBob: Don't think he will
(43:44 / All) BadLuckBob: he's an oblivious retard noob
(44:02 / All) BadLuckBob: you lose pink
(44:03 / All) BadLuckBob: get out
(44:06 / All) BadLuckBob: You paused so go find the quit game button
(44:55 / All) BadLuckBob: out
(45:50 / All) BadLuckBob: anything to say for yourself pink?
(45:52 / All) FatBoyJakobC: I feel like this game severely spikes cortisol
(46:02 / All) ObiWanKillNooby: suck my dick
(46:12 / All) BadLuckBob: lol
(46:21 / All) BadLuckBob: Eat mine faggot